[Event "*** SCC Grand Prix: Titled Tuesday Blitz"]
[Site "Chess.com"]
[Date "2020.06.09"]
[Round "9"]
[White "JoachimMouhamad"]
[Black "iaraldinho"]
[Result "1-0"]
[WhiteElo "2486"]
[BlackElo "2614"]
[TimeControl "180+1"]
[EndTime "10:43:28 PDT"]
[Termination "JoachimMouhamad won by resignation"]

1. e4 c5 2. Nf3 a6 3. c3 d5 4. exd5 Qxd5 5. d4 cxd4 6. cxd4 Nf6 7. Nc3 Qd6 8. Bg5 Bg4 9. Be2 Nc6 10. d5 Ne5 11. O-O Nxf3+ 12. Bxf3 Bd7 13. Re1 h6 14. Bh4 g5 15. Bg3 Qb4 16. d6 e6 17. Be5 Bg7 18. Bxf6 Bxf6 19. Nd5 Qxd6 20. Nxf6+ Ke7 21. Qxd6+ Kxd6 22. Red1+ 1-0

[Event "*** SCC Grand Prix: Titled Tuesday Blitz"]
[Site "Chess.com"]
[Date "2020.06.09"]
[Round "9"]
[White "Love_craft"]
[Black "AcsinteMatei"]
[Result "1-0"]
[WhiteElo "2456"]
[BlackElo "2329"]
[TimeControl "180+1"]
[EndTime "10:43:33 PDT"]
[Termination "Love_craft won by resignation"]

1. Nf3 Nf6 2. g3 d5 3. Bg2 Bf5 4. O-O Nc6 5. d4 Qd7 6. Re1 Bh3 7. Bh1 h5 8. Bg5 Ne4 9. c4 dxc4 10. d5 Nb4 11. Ne5 Qf5 12. Bf4 O-O-O 13. Qd4 Nc2 14. Qxa7 Qxe5 15. Bxe5 Nxe1 16. Bxe4 1-0

[Event "*** SCC Grand Prix: Titled Tuesday Blitz"]
[Site "Chess.com"]
[Date "2020.06.09"]
[Round "9"]
[White "BaMBoMaTTo"]
[Black "Bulldog167"]
[Result "1-0"]
[WhiteElo "2660"]
[BlackElo "2777"]
[TimeControl "180+1"]
[EndTime "10:43:45 PDT"]
[Termination "BaMBoMaTTo won by resignation"]

1. e4 e6 2. d4 d5 3. Nc3 Bb4 4. e5 c5 5. a3 Bxc3+ 6. bxc3 Ne7 7. Qg4 Qc7 8. Qxg7 Rg8 9. Qxh7 cxd4 10. Ne2 Nbc6 11. f4 dxc3 12. Qd3 d4 13. Nxd4 Nxd4 14. Qxd4 Bd7 15. Rg1 Nf5 16. Qf2 Qc6 17. Bd3 Qd5 18. Rb1 Bc6 19. Rb3 O-O-O 20. Rxc3 Kb8 21. g4 Nd4 22. Rg3 Qh1+ 23. Bf1 Qe4+ 24. Rge3 Qh1 25.
Rg3 Qe4+ 26. Be3 Ba4 27. Bd3 Qh1+ 28. Qf1 Qxh2 29. Rh3 Nxc2+ 30. Bxc2 Qxc2 31. Rxc2 Bxc2 32. Qc4 Bd3 33. Bxa7+ Kxa7 34. Rxd3 Rxd3 35. Qxd3 Rxg4 36. Qd4+ Ka8 37. Kf2 Rh4 38. Qd8+ Ka7 39. Qxh4 1-0

[Event "*** SCC Grand Prix: Titled Tuesday Blitz"]
[Site "Chess.com"]
[Date "2020.06.09"]
[Round "9"]
[White "Charlottemillard17"]
[Black "publicaccountcze"]
[Result "0-1"]
[WhiteElo "1519"]
[BlackElo "2234"]
[TimeControl "180+1"]
[EndTime "10:43:45 PDT"]
[Termination "publicaccountcze won by checkmate"]

1. e4 c5 2. Nf3 e6 3. d4 cxd4 4. Nxd4 Nc6 5. Nc3 Nf6 6. Nb3 d6 7. f4 a6 8. Be2 b5 9. Be3 b4 10. Nb1 Nxe4 11. Bf3 f5 12. g4 Qh4+ 13. Ke2 a5 14.
N3d2 Ba6+ 15. c4 bxc3+ 16. Nc4 Bxc4+ 17. Qd3 Bxd3+ 18. Kxd3 cxb2 19. Nd2 bxa1=Q 20. Rxa1 Nxd2 21. Bxd2 Qh3 22. Ke2 Nd4+ 23. Kd1 Qxf3+ 24. Kc1 Rc8+ 25. Kb2 Rc2+ 26. Kb1 Qd1+ 27. Bc1 Qxc1# 0-1

[Event "*** SCC Grand Prix: Titled Tuesday Blitz"]
[Site "Chess.com"]
[Date "2020.06.09"]
[Round "9"]
[White "GMKrikor"]
[Black "vinniethepooh"]
[Result "1-0"]
[WhiteElo "2725"]
[BlackElo "2556"]
[TimeControl "180+1"]
[EndTime "10:43:58 PDT"]
[Termination "GMKrikor won by resignation"]

1. e4 c5 2. Nf3 d6 3. d4 cxd4 4. Nxd4 Nf6 5. Nc3 a6 6. Be3 e5 7. Nb3 Be7 8. f3 O-O 9. Qd2 Be6 10. O-O-O Nbd7 11. g4 b5 12. a3 Nb6 13. g5 Nfd7 14.
Na5 Qc7 15. Nd5 Nxd5 16. exd5 Bf5 17. Nc6 Bd8 18. Bd3 Bxd3 19. Qxd3 Nb8 20. Nxd8 Rxd8 21. h4 Rc8 22. f4 exf4 23. Bxf4 Nd7 24. Kb1 Ne5 25.
Bxe5 dxe5 26. d6 Qd7 27. h5 Rc5 28. h6 Rac8 29. hxg7 e4 30. Qxe4 Rf5 31. Qh4 1-0

[Event "*** SCC Grand Prix: Titled Tuesday Blitz"]
[Site "Chess.com"]
[Date "2020.06.09"]
[Round "9"]
[White "isainz"]
[Black "Gromes7"]
[Result "1-0"]
[WhiteElo "2161"]
[BlackElo "2036"]
[TimeControl "180+1"]
[EndTime "10:43:59 PDT"]
[Termination "isainz won by resignation"]

1. e4 c5 2. Nf3 d6 3. d4 cxd4 4. Qxd4 Nf6 5. c4 Nc6 6. Qe3 g6 7.
h3 Bg7 8. Be2 O-O 9. O-O Bd7 10. Nc3 Rc8 11. Rb1 a5 12. b3 Nb4 13.
Rd1 Bc6 14. Bb2 Nd7 15. a3 Na6 16. Nd4 Bxd4 17. Qxd4 Nac5 18. Nd5 Ne5 19. f4 Nxb3 20. Qc3 Bxd5 21. exd5 Rxc4 22. Bxc4 1-0

[Event "*** SCC Grand Prix: Titled Tuesday Blitz"]
[Site "Chess.com"]
[Date "2020.06.09"]
[Round "9"]
[White "Thipsay"]
[Black "vitnik2020"]
[Result "0-1"]
[WhiteElo "2422"]
[BlackElo "2326"]
[TimeControl "180+1"]
[EndTime "10:44:04 PDT"]
[Termination "vitnik2020 won by resignation"]

1. e4 e5 2. Nf3 Nc6 3. Bb5 a6 4. Ba4 Nf6 5. O-O Be7 6. Re1 d6 7. Bxc6+ bxc6 8. d4 Nd7 9. dxe5 dxe5 10. Nxe5 Nxe5 11. Qe2 Bg4 12. f3 Be6 13. f4 Ng4 14. Be3 Nxe3 15. Qxe3 f6 16. Nc3 O-O 17. Rad1 Qb8 18.
Na4 Qb4 19. b3 Rfd8 20. h3 Qa3 21. Kh2 Qxa2 22. Nc5 Bf7 23. e5 fxe5 24. fxe5 Qxc2 25. Rc1 Bxc5 26. Rxc2 Bxe3 27. Rxe3 Bd5 0-1

[Event "*** SCC Grand Prix: Titled Tuesday Blitz"]
[Site "Chess.com"]
[Date "2020.06.09"]
[Round "9"]
[White "bratkoo"]
[Black "Maksimus1998"]
[Result "1-0"]
[WhiteElo "2342"]
[BlackElo "2490"]
[TimeControl "180+1"]
[EndTime "10:44:09 PDT"]
[Termination "bratkoo won by checkmate"]

1. e4 c5 2. Nf3 g6 3. d4 cxd4 4. Nxd4 Bg7 5. Nc3 Nc6 6. Be3 Nf6 7.
Bc4 O-O 8. Bb3 Qa5 9. f3 Rd8 10. Qd2 d6 11. h4 Bd7 12. h5 Nxh5 13. g4 Nxd4 14. Bxd4 Bxd4 15. Qxd4 Nf6 16. O-O-O Be6 17. Bxe6 fxe6 18. f4 e5 19. Qc4+ Kg7 20. g5 Nh5 21. f5 Rac8 22. Qe6 Qc7 23. Rxh5 gxh5 24. Qh6+ Kg8 25. g6 hxg6 26. Qxg6+ Kf8 27. Rg1 Qc4 28.
Qxh5 e6 29. Qh8+ Ke7 30. Rg7+ Kf6 31. Qh6# 1-0

[Event "*** SCC Grand Prix: Titled Tuesday Blitz"]
[Site "Chess.com"]
[Date "2020.06.09"]
[Round "9"]
[White "SergioGarciaFuentes"]
[Black "ditkin25"]
[Result "0-1"]
[WhiteElo "2220"]
[BlackElo "2406"]
[TimeControl "180+1"]
[EndTime "10:44:13 PDT"]
[Termination "ditkin25 won by resignation"]

1. d4 Nf6 2. Nf3 g6 3. g3 Bg7 4.
b3 d6 5. Bb2 O-O 6. Nbd2 e5 7.
dxe5 Ng4 8. Nc4 d5 9. Ncd2 Nc6 10.
Bg2 Ngxe5 11. Qc1 Qf6 12. Rb1 Qe7 13. O-O Re8 14. Nxe5 Bxe5 15. Bxd5 Bxb2 16. Qxb2 Qxe2 17. Rbe1 Qxe1 18. Rxe1 Rxe1+ 19. Kg2 Be6 20. Ne4 Bxd5 0-1

[Event "*** SCC Grand Prix: Titled Tuesday Blitz"]
[Site "Chess.com"]
[Date "2020.06.09"]
[Round "9"]
[White "MYMChessAcademy"]
[Black "CzechmVIII"]
[Result "0-1"]
[WhiteElo "2358"]
[BlackElo "2195"]
[TimeControl "180+1"]
[EndTime "10:44:22 PDT"]
[Termination "CzechmVIII won by resignation"]

1. e4 c5 2. Ne2 Nf6 3. Nbc3 d6 4.
g3 Nc6 5. Bg2 g6 6. O-O Bg7 7.
d3 O-O 8. h3 Rb8 9. f4 Nd7 10.
f5 Nde5 11. g4 b5 12. Ng3 b4 13. Nce2 a5 14. Nf4 a4 15. Rb1 b3 16. axb3 axb3 17. c3 Ba6 18. g5 h6 19. gxh6 Bxh6 20. Ne6 fxe6 21. Bxh6 Bxd3 22. fxg6 Rxf1+ 23. Bxf1 Bxb1 24. Qh5 Qe8 25. Bc4 Qxg6 26. Bxe6+ Qxe6 27. Nf5 Qg6+ 0-1

[Event "*** SCC Grand Prix: Titled Tuesday Blitz"]
[Site "Chess.com"]
[Date "2020.06.09"]
[Round "9"]
[White "fridaywins"]
[Black "Haapana"]
[Result "0-1"]
[WhiteElo "2218"]
[BlackElo "2392"]
[TimeControl "180+1"]
[EndTime "10:44:33 PDT"]
[Termination "Haapana won by resignation"]

1. e4 e6 2. d4 d5 3. Nc3 Bb4 4. Ne2 dxe4 5. a3 Be7 6. Nxe4 Nf6 7. Nxf6+ Bxf6 8. g3 Bd7 9. Bg2 Bc6 10. O-O Bxg2 11.
Kxg2 Nc6 12. c3 Qd5+ 13. f3 g5 14. Be3 h5 15. Qd2 h4 16. b3 O-O-O 17. c4 Qf5 18. g4 Qg6 19. Rad1 Nxd4 20. Nxd4 e5 21. Qf2 exd4 22.
Bxd4 h3+ 23. Kh1 Bxd4 24. Rxd4 Rxd4 25. Qxd4 Rd8 26. Qxa7 Qc2 27. Qa8+ Kd7 28. Qa4+ 0-1

[Event "*** SCC Grand Prix: Titled Tuesday Blitz"]
[Site "Chess.com"]
[Date "2020.06.09"]
[Round "9"]
[White "Ginger_GM"]
[Black "Ekka83"]
[Result "1-0"]
[WhiteElo "2567"]
[BlackElo "2390"]
[TimeControl "180+1"]
[EndTime "10:44:38 PDT"]
[Termination "Ginger_GM won by resignation"]

1. e4 d5 2. exd5 Qxd5 3. Nc3 Qa5 4. Bc4 Nf6 5. d3 c6 6. Bd2 Qd8 7. Nf3 Bf5 8. Ne5 e6 9. Qf3 Nbd7 10. Nxf7 Kxf7 11. Qxf5 Qe8 12. Ne4 g6 13. Ng5+ Kg7 14. Nxe6+ Qxe6+ 15. Qxe6 Re8 16. Qxe8 Nxe8 17. Bc3+ Nef6 18.
O-O-O b5 19. Be6 b4 20. Bd2 Nc5 21. Bc4 a5 22. Rde1 Bd6 23. Be3 Rf8 24. f3 Ncd7 25. g3 Ne5 26. Bf4 Nxc4 27. dxc4 Bxf4+ 28. gxf4 Nh5 29. Re7+ Kh6 30. Re4 Nxf4 31. Kd2 Rf5 32. Ke3 Ng2+ 33. Kf2 Nf4 34. h4 c5 35. Rhe1 Nh5 36.
Re5 Rf4 37. R1e4 Rxe4 38. fxe4 Nf6 39. Kf3 1-0

[Event "*** SCC Grand Prix: Titled Tuesday Blitz"]
[Site "Chess.com"]
[Date "2020.06.09"]
[Round "9"]
[White "MiroVlasenko"]
[Black "Lion-Al-Messi"]
[Result "0-1"]
[WhiteElo "2592"]
[BlackElo "2420"]
[TimeControl "180+1"]
[EndTime "10:44:40 PDT"]
[Termination "Lion-Al-Messi won by resignation"]

1. d4 Nf6 2. Bg5 Ne4 3. Bf4 d6 4. f3 e5 5. dxe5 g5 6. Bc1 Nc5 7. e4 Nc6 8. exd6 Bxd6 9. Nc3 g4 10. Be3 Qh4+ 11. g3 Qe7 12. Nd5 Qe5 13. f4 Qxb2 14. e5 Be6 15. Nf6+ Kf8 16. Rb1 Qc3+ 17. Bd2 Bxe5 18.
Bxc3 Bxc3+ 19. Kf2 Bxf6 20. Ne2 Ne4+ 21. Kg1 Rd8 22. Qc1 Nd4 23. Nxd4 Bxd4+ 24. Kg2 Bd5 25. Rb5 Bc6 26. Bd3 Nd2+ 0-1

[Event "*** SCC Grand Prix: Titled Tuesday Blitz"]
[Site "Chess.com"]
[Date "2020.06.09"]
[Round "9"]
[White "RusPakhom"]
[Black "PrinceMurad09"]
[Result "1-0"]
[WhiteElo "2418"]
[BlackElo "2503"]
[TimeControl "180+1"]
[EndTime "10:44:40 PDT"]
[Termination "RusPakhom won by resignation"]

1. e4 c5 2. c3 Nf6 3. e5 Nd5 4. d4 cxd4 5. Nf3 d6 6. Bc4 dxe5 7.
Nxe5 e6 8. cxd4 Be7 9. O-O O-O 10.
Nc3 Nf6 11. Re1 a6 12. a4 Bd7 13. d5 exd5 14. Nxd5 Nc6 15. Nxf6+ Bxf6 16. Nxd7 Re8 17. Rxe8+ Qxe8 18. Nxf6+ gxf6 19. Bf4 Ne5 20. Bxe5 Qxe5 21. Qd5 Qxb2 22. Qxf7+ Kh8 23. Re1 Qc3 24. Re8+ Rxe8 25. Qxe8+ Kg7 26. Qf7+ Kh6 27. g3 Qe1+ 28. Bf1 Qe5 29.
Qxb7 1-0

[Event "*** SCC Grand Prix: Titled Tuesday Blitz"]
[Site "Chess.com"]
[Date "2020.06.09"]
[Round "9"]
[White "Quiet_Desperation"]
[Black "CrazyMartian"]
[Result "1-0"]
[WhiteElo "1934"]
[BlackElo "2267"]
[TimeControl "180+1"]
[EndTime "10:44:40 PDT"]
[Termination "Quiet_Desperation won by resignation"]

1. e4 c5 2. d4 cxd4 3. c3 Nf6 4. e5 Nd5 5. Nf3 Nc6 6. Bc4 Nb6 7. Bb3 d6 8. e6 Bxe6 9. Bxe6 fxe6 10. O-O Qd7 11. cxd4 g6 12. Nc3 Bg7 13. d5 exd5 14. Nxd5 Nxd5 15.
Qxd5 e6 16. Qb3 O-O 17. Ng5 Rae8 18. Re1 d5 19. Bd2 Nd4 20. Qd3 h6 21. Nh3 g5 22.
Rac1 Qf7 23. Be3 Nc6 24. Bc5 Bxb2 25. Rc2 Bg7 26. Bxf8 Qxf8 27. Rce2 Qd6 28. Qg6 Rf8 29. Rxe6 Qb4 30. Re8 Qc5 31. Rxf8+ Qxf8 32. Re8 1-0

[Event "*** SCC Grand Prix: Titled Tuesday Blitz"]
[Site "Chess.com"]
[Date "2020.06.09"]
[Round "9"]
[White "Susal_De_Silva"]
[Black "ketster"]
[Result "1-0"]
[WhiteElo "2374"]
[BlackElo "2454"]
[TimeControl "180+1"]
[EndTime "10:44:45 PDT"]
[Termination "Susal_De_Silva won by checkmate"]

1. e4 e5 2. Nf3 Nc6 3. Bc4 Nf6 4. d3 Be7 5. O-O O-O 6. Re1 d6 7. a4 Be6 8. Nbd2 Qd7 9. a5 a6 10. c3 Kh8 11. Ng5 Bxc4 12. Nxc4 h6 13. Nh3 Nh7 14. f4 Rad8 15. Ne3 exf4 16. Nxf4 Bg5 17. Ned5 Nf6 18. Nxf6 Bxf6 19. Nd5 Be7 20. Qh5 Ne5 21. Bxh6 gxh6 22. Qxh6+ Kg8 23. Re3 Qe6 24. Rg3+ Ng6 25.
Rh3 Rfe8 26. Rf1 Rc8 27. Qh7+ Kf8 28. Nf4 Nxf4 29. Qh8# 1-0

[Event "*** SCC Grand Prix: Titled Tuesday Blitz"]
[Site "Chess.com"]
[Date "2020.06.09"]
[Round "9"]
[White "DaggiGretarsson"]
[Black "Tsyhanchuk_Stanislav"]
[Result "1-0"]
[WhiteElo "2598"]
[BlackElo "2403"]
[TimeControl "180+1"]
[EndTime "10:44:51 PDT"]
[Termination "DaggiGretarsson won by resignation"]

1. d4 Nf6 2. c4 c5 3. d5 e6 4. Nc3 exd5 5. cxd5 d6 6. Bf4 g6 7. e4 Bg7 8. Qa4+ Bd7 9. Qb3 b5 10.
Bxb5 O-O 11. Bd3 Qa5 12. Ne2 Na6 13. Bxd6 Rfe8 14. O-O Nb4 15. Bb1 Qb6 16. Bf4 a5 17. a3 a4 18. Qc4 Nh5 19. Be3 Na6 20. Ra2 Rab8 21. Bc2 f5 22. exf5 gxf5 23. Bxa4 Qd6 24. Bxd7 Qxd7 25. Qxa6 Qd6 26. Qxd6 1-0

[Event "*** SCC Grand Prix: Titled Tuesday Blitz"]
[Site "Chess.com"]
[Date "2020.06.09"]
[Round "9"]
[White "GuerrieroFromLevant"]
[Black "reniite"]
[Result "1-0"]
[WhiteElo "2322"]
[BlackElo "1834"]
[TimeControl "180+1"]
[EndTime "10:44:51 PDT"]
[Termination "GuerrieroFromLevant won by resignation"]

1. e4 e5 2. Nf3 Nf6 3. Nxe5 d6 4.
Nf3 Nxe4 5. Bd3 Nc5 6. Be2 d5 7. O-O Be7 8. d4 Ne4 9. c4 dxc4 10. Bxc4 O-O 11. Re1 Nd6 12. Bb3 Bf6 13. Nc3 Nc6 14. d5 Ne7 15. h3 Ng6 16. Be3 a6 17.
Bc5 b6 18. Ba3 Bb7 19. Qd2 Qd7 20. Re2 Rfe8 21. Rae1 Rxe2 22. Rxe2 Re8 23. Bxd6 Rxe2 24. Qxe2 Qxd6 25. Ne4 Qe7 26. Nxf6+ Qxf6 27. Qe8+ Nf8 28.
Ne5 Qf4 29. g3 Qc1+ 30. Kg2 Qe1 31. Qxf7+ 1-0

[Event "*** SCC Grand Prix: Titled Tuesday Blitz"]
[Site "Chess.com"]
[Date "2020.06.09"]
[Round "9"]
[White "heartofatiger"]
[Black "VALPARAISO37"]
[Result "0-1"]
[WhiteElo "2578"]
[BlackElo "2426"]
[TimeControl "180+1"]
[EndTime "10:44:54 PDT"]
[Termination "VALPARAISO37 won by resignation"]

1. d4 Nf6 2. c4 e6 3. Nf3 d5 4.
g3 dxc4 5. Bg2 Nc6 6. Qa4 Bb4+ 7. Bd2 Nd5 8. O-O Nb6 9. Qb5 a6 10. Qh5 Be7 11. e3 O-O 12. a4 g6 13. Qh6 Re8 14.
a5 Nd7 15. Na3 Bf8 16. Qf4 e5 17. dxe5 Ndxe5 18. Nxe5 Nxe5 19. Rfd1 Qe7 20. Bc3 Bg7 21. Nxc4 Nxc4 22. Qxc4 Be6 23. Qf4 c6 24. Bxg7 Kxg7 25. Rd6 Rad8 26. Rad1 Rxd6 27. Rxd6 Qf6 28. Qb4 Qe7 29.
Qd4+ Qf6 30. Qd2 Qe7 31. h3 Bd5 32. Qc2 Qxd6 0-1

[Event "*** SCC Grand Prix: Titled Tuesday Blitz"]
[Site "Chess.com"]
[Date "2020.06.09"]
[Round "9"]
[White "MF1966Idrisov"]
[Black "anastasiyakarlovych"]
[Result "1-0"]
[WhiteElo "2271"]
[BlackElo "1995"]
[TimeControl "180+1"]
[EndTime "10:44:54 PDT"]
[Termination "MF1966Idrisov won by resignation"]

1. d4 d5 2. Bf4 Bf5 3. Nf3 Nd7 4. e3 c6 5. Bd3 Bg6 6. O-O e6 7. c4 Be7 8. Nc3 Ngf6 9. Qe2 Bxd3 10. Qxd3 O-O 11. a3 Re8 12. b4 Nf8 13. Rfe1 Ng6 14. Bg3 Bd6 15. e4 Bxg3 16. hxg3 dxc4 17. Qxc4 e5 18.
d5 cxd5 19. Nxd5 Nxd5 20. exd5 Rc8 21. Qb5 Qc7 22. Rad1 a6 23. Qd3 Qd6 24. Ng5 a5 25. Ne4 Qb6 26. b5 Red8 27. d6 f5 28. Qd5+ Kh8 29.
Ng5 Rf8 30. d7 Rcd8 31. Nf7+ Rxf7 32. Qxf7 Qf6 33. Qe8+ Qf8 34. Qxf8+ Nxf8 35. Rxe5 g6 36. Re8 1-0

[Event "*** SCC Grand Prix: Titled Tuesday Blitz"]
[Site "Chess.com"]
[Date "2020.06.09"]
[Round "9"]
[White "TrenerChos"]
[Black "novocane"]
[Result "0-1"]
[WhiteElo "2336"]
[BlackElo "2211"]
[TimeControl "180+1"]
[EndTime "10:44:55 PDT"]
[Termination "novocane won by checkmate"]

1. d4 Nf6 2. c4 e6 3. Nc3 Bb4 4.
e4 Nxe4 5. Qc2 f5 6. Bd3 Nxc3 7. bxc3 Be7 8. Nf3 O-O 9. O-O d6 10. Be3 Nd7 11. d5 Nc5 12. dxe6 Nxd3 13. Qxd3 Bxe6 14.
Nd4 Bd7 15. Nf3 Kh8 16. Nd4 Bg5 17. Bxg5 Qxg5 18. Nf3 Qf6 19. Nd4 Bc6 20. Nxc6 bxc6 21.
Qf3 c5 22. Qd5 Qxc3 23. Qf3 Qxc4 24. Rfc1 Qe4 25. Qxe4 fxe4 26. Re1 Rfe8 27. Rxe4 Rxe4 28. Re1 Rxe1# 0-1

[Event "*** SCC Grand Prix: Titled Tuesday Blitz"]
[Site "Chess.com"]
[Date "2020.06.09"]
[Round "9"]
[White "killer311"]
[Black "UCantHandleDenker"]
[Result "1/2-1/2"]
[WhiteElo "2396"]
[BlackElo "2515"]
[TimeControl "180+1"]
[EndTime "10:44:56 PDT"]
[Termination "Game drawn by repetition"]

1. d4 Nf6 2. c4 g6 3. g3 Bg7 4. Bg2 O-O 5. Nf3 d6 6. O-O Nc6 7. Nc3 a6 8. Qd3 Rb8 9. d5 Nb4 10. Qd2 a5 11. Nd4 Na6 12. b3 Bd7 13. Bb2 Nc5 14. a3 e5 15. dxe6 Nxe6 16. Nd5 Nc5 17. Rad1 Re8 18. Qxa5 Nxd5 19. Bxd5 Bxd4 20. Bxd4 Nxb3 21.
Qc3 Nxd4 22. Qxd4 Rxe2 23. Rfe1 Qe7 24. Rxe2 Qxe2 25. Rb1 c6 26. Qa7 Rd8 27. Rxb7 cxd5 28. Rxd7 Qe1+ 29. Kg2 Qe4+ 30. Kg1 Qe1+ 31. Kg2 Qe4+ 32.
Kg1 Qe1+ 1/2-1/2

[Event "*** SCC Grand Prix: Titled Tuesday Blitz"]
[Site "Chess.com"]
[Date "2020.06.09"]
[Round "9"]
[White "BikingBrian"]
[Black "lelajavakhishvili"]
[Result "0-1"]
[WhiteElo "2310"]
[BlackElo "2456"]
[TimeControl "180+1"]
[EndTime "10:44:57 PDT"]
[Termination "lelajavakhishvili won by resignation"]

1. d4 Nf6 2. Bg5 c5 3. Nc3 cxd4 4. Qxd4 Nc6 5. Qh4 e6 6. e4 Be7 7. O-O-O h6 8. f4 O-O 9. Bxh6 gxh6 10. e5 Nh7 11.
Qxh6 f5 12. Rd3 Rf7 13. Be2 Qf8 14. Qh5 Rg7 15. Rh3 Nd4 16. Bd3 b5 17. g4 Qf7 18.
Qxf7+ Kxf7 19. g5 Bb7 20. Nf3 Nxf3 21. Rf1 Nd4 22. Rg1 Kg8 23. Nxb5 Nxb5 24. Bxb5 Nf8 25.
Rgg3 Rc8 26. Rh6 Ng6 27. Rgh3 Bc6 28. Ba6 Rb8 29. Be2 Bg2 30. R3h5 Rb4 31. Bd1 Rxf4 0-1

[Event "*** SCC Grand Prix: Titled Tuesday Blitz"]
[Site "Chess.com"]
[Date "2020.06.09"]
[Round "9"]
[White "Evgeny81"]
[Black "GigaQuparadze"]
[Result "1-0"]
[WhiteElo "2775"]
[BlackElo "2828"]
[TimeControl "180+1"]
[EndTime "10:44:58 PDT"]
[Termination "Evgeny81 won by checkmate"]

1. d4 e6 2. c4 Nf6 3. Nf3 b6 4. g3 Ba6 5. b3 Bb4+ 6. Bd2 Be7 7. Bg2 c6 8. Ne5 d5 9. Bc3 Nfd7 10. Nxd7 Nxd7 11.
Nd2 O-O 12. O-O Rc8 13. Re1 b5 14. c5 e5 15. e3 e4 16. a4 Qc7 17. Bf1 Rb8 18.
axb5 Bxb5 19. Bxb5 Rxb5 20. Ra6 Nb8 21. Ra4 f5 22.
Qe2 Bd8 23. Rea1 a6 24. Ba5 Qd7 25. Bxd8 Rxd8 26. Qd1 Rf8 27. Nb1 Qb7 28. R1a3 Rb4 29. Nc3 Rf7 30. Qc2 h6 31. Rxb4 Qxb4 32. Ra4 Qb7 33.
Na2 g5 34. Rb4 Qc7 35. Qe2 f4 36. exf4 gxf4 37. Qg4+ Kh7 38. Qe6 e3 39. Rxb8 e2 40. Re8 f3 41. Nc1 Kg7 42. Nxe2 fxe2 43. Qg4+ Kf6 44.
Re6# 1-0

[Event "*** SCC Grand Prix: Titled Tuesday Blitz"]
[Site "Chess.com"]
[Date "2020.06.09"]
[Round "9"]
[White "Margarita2907"]
[Black "Saloni1299"]
[Result "0-1"]
[WhiteElo "2056"]
[BlackElo "2248"]
[TimeControl "180+1"]
[EndTime "10:44:59 PDT"]
[Termination "Saloni1299 won by resignation"]

1. e4 e6 2. d4 d5 3. Nd2 Nf6 4. e5 Nfd7 5. Bd3 c5 6. c3 Nc6 7. Ne2 cxd4 8. cxd4 f6 9. exf6 Nxf6 10. O-O Bd6 11. Nf3 Qc7 12. Bg5 O-O 13. Rc1 Nh5 14. Qd2 Bd7 15. Qc2 g6 16. Bh6 Ng7 17. Bxg6 hxg6 18.
Qxg6 Be8 19. Qg4 Bh5 20. Qg5 Bxf3 21. gxf3 Rf5 22. Qg6 Raf8 23. Kh1 R8f6 24. Qg4 Rxh6 0-1

[Event "*** SCC Grand Prix: Titled Tuesday Blitz"]
[Site "Chess.com"]
[Date "2020.06.09"]
[Round "9"]
[White "Alexander_Moskalenko"]
[Black "GHANDEEVAM2003"]
[Result "1-0"]
[WhiteElo "2846"]
[BlackElo "2969"]
[TimeControl "180+1"]
[EndTime "10:45:00 PDT"]
[Termination "Alexander_Moskalenko won by resignation"]

1. d4 d5 2. c4 e6 3. Nf3 Nf6 4. g3 dxc4 5. Bg2 Bd7 6. Ne5 Bc6 7. Nxc6 Nxc6 8. e3 Nd5 9. O-O Qd7 10. Nd2 h5 11. Nxc4 f5 12. Qb3 O-O-O 13. Bd2 h4 14. Rfc1 Kb8 15. Qa4 hxg3 16. hxg3 g5 17. b4 Qh7 18. b5 Nce7 19. Na5 f4 20. Nxb7 fxe3 21. Nxd8 exd2 22. Qa6 dxc1=Q+ 23. Rxc1 1-0

[Event "*** SCC Grand Prix: Titled Tuesday Blitz"]
[Site "Chess.com"]
[Date "2020.06.09"]
[Round "9"]
[White "Nafania1"]
[Black "davidkalashian"]
[Result "1-0"]
[WhiteElo "2465"]
[BlackElo "2591"]
[TimeControl "180+1"]
[EndTime "10:45:00 PDT"]
[Termination "Nafania1 won by checkmate"]

1. e4 c6 2. d4 g6 3. Nf3 Bg7 4.
Bd3 d6 5. O-O Nf6 6. c3 O-O 7.
Re1 Nbd7 8. Nbd2 e5 9. a4 Re8 10. Nc4 Qc7 11. h3 Nxe4 12. Bxe4 d5 13. Bd3 dxc4 14.
Bxc4 Nb6 15. Bb3 Be6 16. dxe5 Rad8 17. Qc2 Bf5 18. Qe2 Bd3 19. Qe3 a6 20. Qf4 Nd5 21.
Qh4 h5 22. Bg5 Rc8 23. Rad1 Bf5 24. g4 hxg4 25. hxg4 Bd7 26. Bf6 Qb6 27. Bxd5 cxd5 28. Ng5 Bxf6 29. Qh7+ Kf8 30. Qxf7# 1-0

[Event "*** SCC Grand Prix: Titled Tuesday Blitz"]
[Site "Chess.com"]
[Date "2020.06.09"]
[Round "9"]
[White "MateSchmate"]
[Black "andriipalchuk"]
[Result "0-1"]
[WhiteElo "2425"]
[BlackElo "2297"]
[TimeControl "180+1"]
[EndTime "10:45:02 PDT"]
[Termination "andriipalchuk won by checkmate"]

1. e4 c6 2. Bc4 d5 3. Bb3 dxe4 4. Qh5 g6 5. Qh4 Nf6 6. Nc3 Bg7 7. f3 e3 8. dxe3 Nbd7 9. e4 Nc5 10. Be3 Nxb3 11. axb3 O-O 12. Nge2 b6 13. O-O Qc7 14. Rfd1 Bd7 15.
Qg3 Qxg3 16. hxg3 Rfd8 17. Kf2 e5 18. g4 Bf8 19. g5 Ne8 20. Bxb6 axb6 21. Rxa8 Rxa8 22.
Rxd7 Bc5+ 23. Kg3 Ng7 24. f4 exf4+ 25. Nxf4 Re8 26. Kf3 Be7 27. Na4 b5 28. Nc3 Bxg5 29. Rc7 Bxf4 30. Rxc6 Ne6 31. Nd5 Nd4+ 32. Kxf4 Nxc6 33.
Nf6+ Kf8 34. Nxe8 Kxe8 35. c4 b4 36. e5 Ke7 37. Kg5 Nxe5 38. Kh6 Nd3 39. Kxh7 Nxb2 40. Kh6 Nd3 41. Kg5 Nc5 42. Kf4 Nxb3 43. Ke3 Kd6 44. Ke4 Kc5 45. Ke5 Kxc4 46. Kf6 Nd4 47. Kxf7 g5 48. Kg6 g4 49. Kg5 g3 50. Kg4 Ne2 51. Kh5 b3 52. Kg4 b2 53. Kf3 b1=Q 54.
Kg4 Qe4+ 55. Kh3 Nf4+ 56. Kg4 Qxg2 57. Kf5 Qf3 58. Kg5 g2 59. Kh4 Qh3+ 60. Kg5 g1=Q+ 61. Kf6 Qg6+ 62. Ke5 Qhf5# 0-1

[Event "*** SCC Grand Prix: Titled Tuesday Blitz"]
[Site "Chess.com"]
[Date "2020.06.09"]
[Round "9"]
[White "eljanov"]
[Black "Witik"]
[Result "1-0"]
[WhiteElo "2803"]
[BlackElo "2574"]
[TimeControl "180+1"]
[EndTime "10:45:03 PDT"]
[Termination "eljanov won by resignation"]

1. e4 c6 2. d4 d5 3. exd5 cxd5 4.
Bd3 Nc6 5. c3 g6 6. Bf4 Bh6 7.
Bxh6 Nxh6 8. Qd2 Nf5 9. Nf3 O-O 10. O-O f6 11. Re1 Qd6 12. Na3 a6 13. Re2 e5 14.
Bxf5 Bxf5 15. dxe5 fxe5 16. Nc4 Qc5 17. Ncxe5 Nxe5 18. Rxe5 Be4 19. Nd4 Rf6 20. f3 Qd6 21. Qg5 h6 22.
Qg3 Bd3 23. Rae1 Raf8 24. Re7 Qb6 25. Qc7 Qxc7 26. Rxc7 R8f7 27. Re8+ Kg7 28. Ree7 Rxe7 29. Rxe7+ Rf7 30. Ne6+ Kf6 31. Rxf7+ Kxf7 32. Nc5 Bb1 33.
a3 Ke7 34. Nxb7 Kd7 35. Nc5+ Kc6 36. Nxa6 1-0

[Event "*** SCC Grand Prix: Titled Tuesday Blitz"]
[Site "Chess.com"]
[Date "2020.06.09"]
[Round "9"]
[White "chesstrainer2042"]
[Black "AniJak"]
[Result "0-1"]
[WhiteElo "2425"]
[BlackElo "2258"]
[TimeControl "180+1"]
[EndTime "10:45:03 PDT"]
[Termination "AniJak won by resignation"]

1. e4 c6 2. d4 d5 3. Nd2 dxe4 4. Nxe4 Nf6 5. Ng3 Bg4 6. Qd3 h5 7. h3 Be6 8. Nf3 Bd5 9. Ne5 Nbd7 10. c4 Be6 11. Ng6 fxg6 12. Qxg6+ Bf7 13. Qc2 Nb6 14. Be3 h4 15. Nf5 e6 16. O-O-O exf5 17. Bd3 Be7 18. Bxf5 Nxc4 19. Bg5 Qd5 20. Rhe1 Nd6 21. Re5 Qxa2 22. Rde1 Nxf5 23. Qxf5 O-O 24. Rxe7 Nd5 25. Rxb7 Qa1+ 26. Kd2 Qa5+ 27. b4 Qa2+ 0-1